| TOP OF THE 1ST |
|
Philadelphia Phillies batting - Pitching for Baltimore Orioles : LHP Lennart Hjelm
|
|
Pitching: LHP Lennart Hjelm
|
|
|
Batting: SHB Lance Franklin
|
0-0: Called Strike 0-1: Ground out 6-3 (Groundball, 6, EV 83.8 MPH)
|
|
Batting: LHB Nick Canizales
|
0-0: Foul Ball, location: 2F 0-1: Ground out 4-3 (Groundball, 4, EV 101.9 MPH)
|
|
Batting: RHB Chef Belew
|
0-0: Ball 1-0: Ball 2-0: Foul Ball, location: 2F 2-1: Ball 3-1: Base on Balls
|
|
Batting: RHB Carlos Morejon
|
0-0: Fielders Choice at 2nd, 5-4 (Groundball, 5, EV 88.8 MPH)
|
| Top of the 1st over - 0 runs, 0 hits, 0 errors, 1 left on base; Philadelphia 0 - Baltimore 0 |
| BOTTOM OF THE 1ST |
|
Baltimore Orioles batting - Pitching for Philadelphia Phillies : RHP James Woods Jr.
|
|
Pitching: RHP James Woods Jr.
|
|
|
Batting: SHB Aldo Questi
|
0-0: Ball 1-0: Ball 2-0: Foul Ball, location: 2F 2-1: Foul Ball, location: 2F 2-2: SINGLE (Line Drive, 5D, EV 100.6 MPH)
|
|
Batting: RHB Saimei Kudo
|
0-0: Called Strike 0-1: Called Strike 0-2: Strikes out looking
|
|
Batting: RHB Rudo Garciaparra
|
0-0: Ball 1-0: Swinging Strike 1-1: Foul Ball, location: 2F 1-2: Ball 2-2: Strikes out swinging
|
|
Batting: SHB Robbie Rogers
|
0-0: Ball 1-0: Ball 2-0: Ground out 4-3 (Groundball, 4, EV 83.8 MPH)
|
| Bottom of the 1st over - 0 runs, 1 hit, 0 errors, 1 left on base; Philadelphia 0 - Baltimore 0 |
| TOP OF THE 2ND |
|
Philadelphia Phillies batting - Pitching for Baltimore Orioles : LHP Lennart Hjelm
|
|
Batting: LHB Osamu Kubo
|
0-0: Called Strike 0-1: Fly out, F7 (Flyball, 7D, EV 102.5 MPH)
|
|
Batting: RHB Josh Hensley
|
0-0: Called Strike 0-1: Ball 1-1: Foul Ball, location: 2F 1-2: Strikes out swinging
|
|
Batting: LHB Ryan Trombley
|
0-0: Called Strike 0-1: Ball 1-1: Foul Ball, location: 2F 1-2: SINGLE (Flyball, 4D, EV 97.5 MPH)
|
|
Batting: SHB Phuck II
|
0-0: Ball 1-0: Fielders Choice at 2nd, 5-4 (Groundball, 5, EV 78.1 MPH)
|
| Top of the 2nd over - 0 runs, 1 hit, 0 errors, 1 left on base; Philadelphia 0 - Baltimore 0 |
| BOTTOM OF THE 2ND |
|
Baltimore Orioles batting - Pitching for Philadelphia Phillies : RHP James Woods Jr.
|
|
Batting: RHB Nick Rigden
|
0-0: Ball 1-0: Ball 2-0: Ball 3-0: Called Strike 3-1: Base on Balls
|
|
Batting: RHB Travis Leonard
|
0-0: Called Strike 0-1: Fly out, F8 (Flyball, 8LD, EV 93.1 MPH)
|
|
Batting: LHB Brent Albertson
|
0-0: Ball 1-0: Called Strike 1-1: Ground out U3 (Groundball, 3S, EV 65.0 MPH) Nick Rigden to second
|
|
Batting: RHB Steve Jones
|
0-0: Fly out, F9 (Flyball, 9LSF, EV 96.2 MPH)
|
| Bottom of the 2nd over - 0 runs, 0 hits, 0 errors, 1 left on base; Philadelphia 0 - Baltimore 0 |
| TOP OF THE 3RD |
|
Philadelphia Phillies batting - Pitching for Baltimore Orioles : LHP Lennart Hjelm
|
|
Batting: LHB Cody Schumacher
|
0-0: Foul Ball, location: 2F 0-1: Foul Ball, location: 2F 0-2: Strikes out swinging
|
|
Batting: SHB Lance Franklin
|
0-0: Called Strike 0-1: Fly out, F9 (Line Drive, 9S, EV 91.2 MPH)
|
|
Batting: LHB Nick Canizales
|
0-0: Ball 1-0: Called Strike 1-1: Ball 2-1: Foul Ball, location: 2F 2-2: Ball 3-2: DOUBLE (Line Drive, 78D, EV 108.1 MPH)
|
|
Batting: RHB Chef Belew
|
0-0: Called Strike 0-1: Ball 1-1: Foul Ball, location: 2F 1-2: Strikes out looking
|
| Top of the 3rd over - 0 runs, 1 hit, 0 errors, 1 left on base; Philadelphia 0 - Baltimore 0 |
| BOTTOM OF THE 3RD |
|
Baltimore Orioles batting - Pitching for Philadelphia Phillies : RHP James Woods Jr.
|
|
Batting: RHB Bobby Ayala
|
0-0: Called Strike 0-1: Ball 1-1: Foul Ball, location: 2F 1-2: Ball 2-2: Foul Ball, location: 2F 2-2: Ball 3-2: Ground out 6-3 (Groundball, 6MS, EV 93.8 MPH)
|
|
Batting: SHB Aldo Questi
|
0-0: Called Strike 0-1: Ball 1-1: Ball 2-1: Swinging Strike 2-2: Foul Ball, location: 2F 2-2: Foul Ball, location: 2F 2-2: SINGLE (Flyball, 9LS, EV 91.2 MPH)
|
|
Batting: RHB Saimei Kudo
|
0-0: Ball 1-0: Ball 2-0: Foul Ball, location: 2F 2-1: Foul Ball, location: 2F 2-2: Foul Ball, location: 2F 2-2: Ball 3-2: Base on Balls Aldo Questi to second
|
|
Batting: RHB Rudo Garciaparra
|
0-0: Ball 1-0: Fly out, F8 (Flyball, 8RD, EV 84.4 MPH)
|
|
Batting: SHB Robbie Rogers
|
0-0: Foul Ball, location: 2F 0-1: Ball 1-1: Ball 2-1: Called Strike 2-2: Ball 3-2: Base on Balls Aldo Questi to third Saimei Kudo to second
|
|
Batting: RHB Nick Rigden
|
0-0: Foul Ball, location: 2F 0-1: Ball 1-1: Ball 2-1: Foul Ball, location: 2F 2-2: Foul Ball, location: 2F 2-2: Fielders Choice at 2nd, U6 (Groundball, 6M, EV 79.4 MPH)
|
| Bottom of the 3rd over - 0 runs, 1 hit, 0 errors, 3 left on base; Philadelphia 0 - Baltimore 0 |
| TOP OF THE 4TH |
|
Philadelphia Phillies batting - Pitching for Baltimore Orioles : LHP Lennart Hjelm
|
|
Batting: RHB Carlos Morejon
|
0-0: Ball 1-0: Foul Ball, location: 2F 1-1: Ball 2-1: Ball 3-1: Ground out 6-3 (Groundball, 6, EV 107.5 MPH)
|
|
Batting: LHB Osamu Kubo
|
0-0: Ball 1-0: Ground out 4-3 (Groundball, 4, EV 88.8 MPH)
|
|
Batting: RHB Josh Hensley
|
0-0: Foul Ball, location: 2F 0-1: Ball 1-1: Ball 2-1: SINGLE (Line Drive, 89S, EV 87.5 MPH)
|
|
Batting: LHB Ryan Trombley
|
0-0: Ball 1-0: Called Strike 1-1: Ball 2-1: Ball 3-1: Foul Ball, location: 2F 3-2: Foul Ball, location: 2F 3-2: Ground out 6-3 (Groundball, 6S, EV 87.5 MPH)
|
| Top of the 4th over - 0 runs, 1 hit, 0 errors, 1 left on base; Philadelphia 0 - Baltimore 0 |
| BOTTOM OF THE 4TH |
|
Baltimore Orioles batting - Pitching for Philadelphia Phillies : RHP James Woods Jr.
|
|
Batting: RHB Travis Leonard
|
0-0: Foul Ball, location: 2F 0-1: Foul Ball, location: 2F 0-2: Fly out, F9 (Flyball, 89M, EV 86.9 MPH)
|
|
Batting: LHB Brent Albertson
|
0-0: Called Strike 0-1: Swinging Strike 0-2: Ball 1-2: Strikes out swinging
|
|
Batting: RHB Steve Jones
|
0-0: Ball 1-0: Ball 2-0: SOLO HOME RUN (Flyball, 7D, EV 91.2 MPH), Distance : 355 ft
|
|
Batting: RHB Bobby Ayala
|
0-0: Ball 1-0: Ball 2-0: Called Strike 2-1: Ball 3-1: DOUBLE (Groundball, 5L, EV 100.0 MPH)
|
|
Batting: SHB Aldo Questi
|
0-0: Ball 1-0: Ball 2-0: Ball 3-0: Base on Balls
|
|
Batting: RHB Saimei Kudo
|
0-0: Swinging Strike 0-1: Ball 1-1: Ball 2-1: Ball 3-1: Foul Ball, location: 2F 3-2: Foul Ball, location: 2F 3-2: Base on Balls Bobby Ayala to third Aldo Questi to second
|
|
Batting: RHB Rudo Garciaparra
|
0-0: Called Strike 0-1: Called Strike 0-2: Ball 1-2: Ball 2-2: Fly out, F8 (Flyball, 89D, EV 91.2 MPH)
|
| Bottom of the 4th over - 1 run, 2 hits, 0 errors, 3 left on base; Philadelphia 0 - Baltimore 1 |
| TOP OF THE 5TH |
|
Philadelphia Phillies batting - Pitching for Baltimore Orioles : LHP Lennart Hjelm
|
|
Batting: SHB Phuck II
|
0-0: Ball 1-0: Ball 2-0: Foul Ball, location: 2F 2-1: Ball 3-1: Fly out, F7 (Flyball, 7S, EV 88.8 MPH)
|
|
Batting: LHB Cody Schumacher
|
0-0: Called Strike 0-1: Fly out, F7 (Flyball, 78M, EV 97.5 MPH)
|
|
Batting: SHB Lance Franklin
|
0-0: Foul Ball, location: 2F 0-1: Fly out, F4 (Line Drive, 4, EV 74.4 MPH)
|
| Top of the 5th over - 0 runs, 0 hits, 0 errors, 0 left on base; Philadelphia 0 - Baltimore 1 |
| BOTTOM OF THE 5TH |
|
Baltimore Orioles batting - Pitching for Philadelphia Phillies : RHP James Woods Jr.
|
|
Batting: SHB Robbie Rogers
|
0-0: Fly out, F8 (Line Drive, 8LD, EV 93.1 MPH)
|
|
Batting: RHB Nick Rigden
|
0-0: Ball 1-0: Foul Ball, location: 2F 1-1: Ground out 6-3 (Groundball, 6, EV 90.0 MPH)
|
|
Batting: RHB Travis Leonard
|
0-0: Foul Ball, location: 2F 0-1: Swinging Strike 0-2: Ball 1-2: Foul Ball, location: 2F 1-2: Strikes out swinging
|
| Bottom of the 5th over - 0 runs, 0 hits, 0 errors, 0 left on base; Philadelphia 0 - Baltimore 1 |
| TOP OF THE 6TH |
|
Philadelphia Phillies batting - Pitching for Baltimore Orioles : LHP Lennart Hjelm
|
|
Batting: LHB Nick Canizales
|
0-0: Ground out 6-3 (Groundball, 6, EV 86.2 MPH)
|
|
Batting: RHB Chef Belew
|
0-0: SINGLE (Flyball, 7S, EV 90.0 MPH)
|
|
Batting: RHB Carlos Morejon
|
0-0: Swinging Strike 0-1: DOUBLE (Line Drive, 9LD, EV 101.9 MPH) Chef Belew to third
|
|
Batting: LHB Osamu Kubo
|
0-0: Ball 1-0: Ball 2-0: Called Strike 2-1: Ball 3-1: Called Strike 3-2: Foul Ball, location: 2F 3-2: Fly out, F8 (Flyball, 78M, EV 83.8 MPH)
|
|
Batting: RHB Josh Hensley
|
0-0: Ball 1-0: Ball 2-0: Ball 3-0: Called Strike 3-1: Base on Balls
|
|
Pinch Hitting: RHB Quintin Parker
|
0-0: Called Strike 0-1: Foul Ball, location: 2F 0-2: Ball 1-2: SINGLE (Groundball, 6M, EV 103.8 MPH) (infield hit) Chef Belew scores Carlos Morejon to third Josh Hensley to second
|
|
Batting: SHB Phuck II
|
0-0: Called Strike 0-1: Ball 1-1: Ball 2-1: Fielders Choice at 2nd, 6-4 (Groundball, 6, EV 106.9 MPH)
|
| Top of the 6th over - 1 run, 3 hits, 0 errors, 3 left on base; Philadelphia 1 - Baltimore 1 |
| BOTTOM OF THE 6TH |
|
Baltimore Orioles batting - Pitching for Philadelphia Phillies : RHP James Woods Jr.
|
|
Now in RF: Mike Davis
|
|
|
Batting: LHB Brent Albertson
|
0-0: Fly out, F7 (Flyball, 7, EV 83.8 MPH)
|
|
Batting: RHB Steve Jones
|
0-0: Fly out, F7 (Flyball, 78S, EV 97.5 MPH)
|
|
Batting: RHB Bobby Ayala
|
0-0: Called Strike 0-1: Ball 1-1: Called Strike 1-2: Foul Ball, location: 2F 1-2: Foul Ball, location: 2F 1-2: Strikes out looking
|
| Bottom of the 6th over - 0 runs, 0 hits, 0 errors, 0 left on base; Philadelphia 1 - Baltimore 1 |
| TOP OF THE 7TH |
|
Philadelphia Phillies batting - Pitching for Baltimore Orioles : LHP Lennart Hjelm
|
|
Batting: LHB Cody Schumacher
|
0-0: Swinging Strike 0-1: Foul Ball, location: 2F 0-2: Strikes out swinging
|
|
Batting: SHB Lance Franklin
|
0-0: Called Strike 0-1: Called Strike 0-2: Fly out, F4 (Line Drive, 4, EV 63.8 MPH)
|
|
Batting: LHB Nick Canizales
|
0-0: Ball 1-0: Fly out, F9 (Line Drive, 9S, EV 105.6 MPH)
|
| Top of the 7th over - 0 runs, 0 hits, 0 errors, 0 left on base; Philadelphia 1 - Baltimore 1 |
| BOTTOM OF THE 7TH |
|
Baltimore Orioles batting - Pitching for Philadelphia Phillies : RHP James Woods Jr.
|
|
Pitching: RHP Andy Burchfield
|
|
|
Batting: SHB Aldo Questi
|
0-0: Called Strike 0-1: Ball 1-1: SINGLE (Groundball, 56D, EV 96.2 MPH)
|
|
Batting: RHB Saimei Kudo
|
0-0: Called Strike Aldo Questi steals 2nd base 0-1: Ball 1-1: Fly out, F9 (Flyball, 9, EV 84.4 MPH)
|
|
Batting: RHB Rudo Garciaparra
|
0-0: Called Strike 0-1: Foul Ball, location: 2F 0-2: Ball 1-2: Strikes out looking
|
|
Batting: SHB Robbie Rogers
|
0-0: Swinging Strike 0-1: Called Strike 0-2: Ball 1-2: Ball 2-2: Strikes out swinging
|
| Bottom of the 7th over - 0 runs, 1 hit, 0 errors, 1 left on base; Philadelphia 1 - Baltimore 1 |
| TOP OF THE 8TH |
|
Philadelphia Phillies batting - Pitching for Baltimore Orioles : LHP Lennart Hjelm
|
|
Batting: RHB Chef Belew
|
0-0: Ball 1-0: Fly out, F4 (Popup, 4S, EV 78.1 MPH)
|
|
Batting: RHB Carlos Morejon
|
0-0: DOUBLE (Line Drive, 3D, EV 93.8 MPH)
|
|
Batting: LHB Osamu Kubo
|
0-0: Ball 1-0: Called Strike 1-1: Swinging Strike 1-2: Strikes out swinging
|
|
Pitching: RHP Jay Kouns
|
|
|
Pinch Hitting: LHB Brad Turner
|
0-0: Ball 1-0: Ball 2-0: Ball 3-0: Called Strike 3-1: Ground out U3 (Groundball, 34S, EV 88.8 MPH)
|
| Top of the 8th over - 0 runs, 1 hit, 0 errors, 1 left on base; Philadelphia 1 - Baltimore 1 |
| BOTTOM OF THE 8TH |
|
Baltimore Orioles batting - Pitching for Philadelphia Phillies : RHP Andy Burchfield
|
|
Now at 3B: Jim Beaver
|
|
|
Batting: RHB Nick Rigden
|
0-0: Ball 1-0: SINGLE (Line Drive, 89S, EV 105.6 MPH)
|
|
Batting: RHB Travis Leonard
|
0-0: Called Strike 0-1: Swinging Strike 0-2: Foul Ball, location: 2F 0-2: Ball 1-2: Ball 2-2: Ball 3-2: Strikes out swinging Nick Rigden is caught stealing 2nd base 2-4 Batter strikes out.
|
|
Batting: LHB Brent Albertson
|
0-0: Ground out 6-3 (Groundball, 6M, EV 86.2 MPH)
|
| Bottom of the 8th over - 0 runs, 1 hit, 0 errors, 0 left on base; Philadelphia 1 - Baltimore 1 |
| TOP OF THE 9TH |
|
Philadelphia Phillies batting - Pitching for Baltimore Orioles : RHP Jay Kouns
|
|
Batting: LHB Mike Davis
|
0-0: Ball 1-0: Foul Ball, location: 2F 1-1: Called Strike 1-2: Foul Ball, location: 2F 1-2: Foul Ball, location: 2F 1-2: Ball 2-2: SINGLE (Groundball, 6MD, EV 102.5 MPH)
|
|
Batting: SHB Phuck II
|
0-0: Ball 1-0: Ball 2-0: Called Strike 2-1: Swinging Strike 2-2: Ball 3-2: Strikes out swinging Mike Davis is caught stealing 2nd base 2-6 Batter strikes out.
|
|
Batting: LHB Cody Schumacher
|
0-0: Foul Ball, location: 2F 0-1: Foul Ball, location: 2F 0-2: Foul Ball, location: 2F 0-2: Ball 1-2: Foul Ball, location: 2F 1-2: Strikes out swinging
|
| Top of the 9th over - 0 runs, 1 hit, 0 errors, 0 left on base; Philadelphia 1 - Baltimore 1 |
| BOTTOM OF THE 9TH |
|
Baltimore Orioles batting - Pitching for Philadelphia Phillies : RHP Andy Burchfield
|
|
Batting: RHB Steve Jones
|
0-0: Called Strike 0-1: Swinging Strike 0-2: Strikes out looking
|
|
Batting: RHB Bobby Ayala
|
0-0: Swinging Strike 0-1: Ball 1-1: Ball 2-1: Ball 3-1: Base on Balls
|
|
Batting: SHB Aldo Questi
|
0-0: SINGLE (Flyball, 78S, EV 96.2 MPH) Bobby Ayala to second Runner from 2nd tries for 3rd, SAFE, throw by CF made to third
|
|
Batting: RHB Saimei Kudo
|
0-0: Ball 1-0: DOUBLE (Line Drive, 8LXD, EV 88.1 MPH) Bobby Ayala scores
|
| Bottom of the 9th over - 1 run, 2 hits, 0 errors, 2 left on base; Philadelphia 1 - Baltimore 2 |
|